Cogmind - Beta 15 @@@ ROGUE MODE // 2025.06.01 @ 23:34:23 Player: Xan Kriegor Result: Self-destructed Performance ------------- Evolutions (2) 1000 Regions Visited (3) 600 Robots Destroyed (34) 170 Value Destroyed (829) 829 Prototype IDs (1) 20 Alien Tech Used (0) 0 Bonus (0) 0 TOTAL SCORE: 2619 Bonus ------- None Cogmind --------- Core Integrity 124/550 Matter 220/300 Energy 57/100 System Corruption 0% Temperature Warm (126) Movement Core (200) Ox3 Location -8/Materials Parts ------- > --- POWER (1) -------- (None) > --- PROPULSION (3) --- (None) > --- UTILITY (4) ------ Medium Storage Unit Signal Interpreter Advanced Targeting Computer > --- WEAPON (3) ------- (None) > --- INVENTORY (10) --- Large Storage Unit Medium Matter Pod (100) Structural Scanner Light Armor Plating Field Recycling Unit (0) Peak State ------------ > --- POWER ------------ Improved Ion Engine > --- PROPULSION ------- Aluminum Leg Carbon-fiber Leg Hover Unit > --- UTILITY ---------- Medium Storage Unit Sensor Array Signal Interpreter Advanced Targeting Computer > --- WEAPON ----------- Beam Rifle Light EM Pulse Cannon Advanced Beam Cannon > --- INVENTORY -------- Light Ion Engine Hover Unit Large Storage Unit Medium Matter Pod Structural Scanner Light Armor Plating Field Recycling Unit Heavy Assault Rifle Heavy Assault Rifle Mining Laser [Rating: 21] Favorites ----------- Power Improved Ion Engine Engine Improved Ion Engine Propulsion Aluminum Leg Leg Aluminum Leg Wheel Wheel Hover Unit Hover Unit Utility Field Recycling Unit Device Field Recycling Unit Storage Small Storage Unit Processor Signal Interpreter Weapon Beam Rifle Energy Gun Beam Rifle Energy Cannon Advanced Beam Cannon Ballistic Gun Heavy Assault Rifle Launcher Missile Launcher Special Weapon Mining Laser Build | -11 -10 -9 -8 ------- Run | Yrd Mat Mat Mat Slots Evolved 4 | . . 2 2 Power . | . . . . Propulsion 1 | . . 1 . Utility 2 | . . 1 1 Weapon 1 | . . . 1 Parts Attached 32 | 8 7 10 7 Power 4 | 1 1 1 1 Engine 4 | 1 1 1 1 Core . | . . . . Reactor . | . . . . Propulsion 8 | 4 1 2 1 Treads . | . . . . Leg 3 | 2 . . 1 Wheel 3 | 2 1 . . Hover 2 | . . 2 . Flight . | . . . . Utility 8 | 1 1 4 2 Device 3 | . 1 1 1 Storage 3 | 1 . 2 . Processor 2 | . . 1 1 Hackware . | . . . . Protection . | . . . . Artifact . | . . . . Weapon 12 | 2 4 3 3 Energy Gun 3 | 1 1 1 . Energy Cannon 3 | . 2 1 . Ballistic Gun 4 | 1 . 1 2 Ballistic Cannon . | . . . . Launcher 1 | . . . 1 Special Weapon 1 | . 1 . . Impact Weapon . | . . . . Slashing Weapon . | . . . . Piercing Weapon . | . . . . Special Melee Weapon . | . . . . Unidentified Prototypes 1 | . . 1 . Parts Lost 16 | . 1 1 14 Power 2 | . . . 2 Propulsion 5 | . . 1 4 Utility 1 | . . . 1 Weapon 8 | . 1 . 7 Highest Loss Streak 14 | . 1 1 14 To Critical Strikes . | . . . . Average Backups 7 | 4 7 7 8 Power . | . 1 1 . Propulsion 1 | 2 3 1 . Utility 2 | . 1 3 4 Weapon 1 | . 1 2 2 Tool/Special . | . . . . Unused Backups 6 | . 2 2 2 Power 1 | . . 1 . Propulsion 2 | . 2 . . Utility 3 | . . 1 2 Weapon . | . . . . Tool/Special . | . . . . Average Slot Usage (%) 96 | . 99 96 91 Engine 11 | . 14 11 8 Leg 9 | . . 14 14 Wheel 14 | . 28 12 . Hover 3 | . . 3 7 Device 14 | . 13 17 10 Storage 12 | . 14 13 9 Processor 4 | . . 2 16 Energy Gun 9 | . 8 11 7 Energy Cannon 6 | . 5 4 11 Ballistic Gun 5 | . 8 4 5 Special Weapon 2 | . 5 1 . Peak Build Rating 21 | 6 10 15 21 Average Rating 12 | 3 8 13 17 On Entrance 7 | . 6 9 15 Naked Turns . | . . . . Heaviest Build 37 | 13 26 33 37 Greatest Support 26 | 26 26 26 25 Greatest Overweight (x) 5 | . . 1 5 Average Overweight (x) . | . . . 1 Largest Inventory Capacity 10 | 8 8 10 10 Average Capacity 8 | 7 8 8 10 Most Carried 10 | 8 8 9 10 Average Carried 7 | 4 7 7 8 Final Capacity 10 | 8 8 10 10 Final Carried 9 | 6 8 9 5 Class Distribution -------------------- 83% | Mutant 9% | Skirmisher 6% | Scavenger-Skirmisher Dominant Class ---------------- Mutant | -10/Materials Mutant | -9/Materials Skirmisher | -8/Materials Resources | -11 -10 -9 -8 ----------- Run | Yrd Mat Mat Mat Matter Collected 833 | 229 174 334 96 Remotely . | . . . . Salvage Created 1096 | . 328 398 370 Parts 68 | . 13 39 16 Haulers Intercepted 1 | . . 1 . Recyclers Shooed 3 | . 2 . 1 Parts Field Recycled 12 | . 4 8 . Retrieved Matter 51 | . 12 39 . Parts Self-Destructed . | . . . . Prevented . | . . . . Kills | -11 -10 -9 -8 ------- Run | Yrd Mat Mat Mat Combat Hostiles Destroyed 27 | . 7 12 8 Guns 16 | . 2 11 3 Cannons 9 | . 4 1 4 AOE 1 | . . . 1 Classes Destroyed 9 | . 2 4 3 Worker 1 | . . 1 . Builder 1 | . . . 1 Hauler 1 | . . 1 . Recycler 1 | . . . 1 Watcher 3 | . 1 2 . Swarmer 11 | . . 8 3 Grunt 13 | . 7 2 4 Duelist 1 | . . . 1 Sentry 2 | . . 2 . Best Kill Streak 9 | . 3 9 3 Combat Bots Only 9 | . 3 9 2 Max Kills in Single Turn 2 | . 1 1 2 Gunslinging . | . . . . Exploded 1 | . . . 1 Melee . | . . . . Uniques/NPCs Destroyed . | . . . . Combat | -11 -10 -9 -8 -------- Run | Yrd Mat Mat Mat Hostile Shots Fired 226 | . 30 58 138 Missed 57 | . 8 10 39 Hits 169 | . 22 48 99 Melee 6 | . . . 6 Projectile 163 | . 22 48 93 Critical Strikes 2 | . . . 2 Damage Taken 2206 | . 296 448 1462 Core 560 | . 51 83 426 Absorbed by Shields . | . . . . Core Remaining (%) 86 | 100 79 79 . Volleys Fired 97 | . 28 43 26 Largest 3 | . 2 2 3 Hottest 180 | . 140 124 180 Shots Fired 189 | . 48 73 68 Gun 133 | . 26 65 42 Cannon 47 | . 17 7 23 Launcher 2 | . . . 2 Special 7 | . 5 1 1 Kinetic 75 | . 21 30 24 Thermal 76 | . 5 40 31 Explosive 2 | . . . 2 Electromagnetic 36 | . 22 3 11 Robot Hit Streak 16 | . 15 7 16 Robot Miss Streak 6 | . 1 4 6 Penetration Max . | . . . . Secondary Targets 2 | . . 1 1 Max Gunslinging Chain 1 | . . 1 1 Shots Hit Robots 124 | . 33 45 46 Core Hits 55 | . 11 20 24 Critical Kills . | . . . . Critical Parts Destroyed . | . . . . Critical Strikes 8 | . . 5 3 Burn 8 | . . 5 3 Melee Attacks . | . . . . Impact . | . . . . Slashing . | . . . . Piercing . | . . . . Sneak Attacks . | . . . . Combat Hostiles . | . . . . Follow-up Attacks . | . . . . Damage Inflicted 2561 | . 606 679 1276 Guns 1272 | . 227 632 413 Cannons 782 | . 355 41 386 Explosions 445 | . . . 445 Melee . | . . . . Ramming 14 | . . 6 8 Kinetic 766 | . 184 314 268 Thermal 723 | . 24 328 371 Explosive 445 | . . . 445 Electromagnetic 613 | . 398 31 184 Impact . | . . . . Slashing . | . . . . Piercing . | . . . . Highest Corruption . | . . . . Average Corruption . | . . . . Corruption Purged . | . . . . Corruption Blocked . | . . . . Overload Shots . | . . . . Overflow Damage 33 | . . 15 18 Projectiles 31 | . . 15 16 Explosions 2 | . . . 2 Melee . | . . . . Knockbacks . | . . . . Impact . | . . . . Kinetic . | . . . . Secondary . | . . . . Self-Inflicted Damage 21 | . . . 21 Shots 2 | . . . 2 Rammed . | . . . . Targets Rammed 5 | . . 2 3 Kicked 5 | . . 2 3 Crushed . | . . . . Highest Temperature 490 | . 287 345 490 Average Temperature 134 | . 94 130 186 Received Heat Transfer 783 | . 150 75 558 Effects 10 | . 3 2 5 Shutdowns 2 | . . . 2 Interference 5 | . 3 2 . Matter Decay 1 | . . . 1 Short Circuit 1 | . . . 1 Damage (minor) 1 | . . . 1 Siege Activations . | . . . . Martial Activations . | . . . . Shielding Activations . | . . . . Robots Disrupted . | . . . . Combat Hostiles . | . . . . Robots Corrupted 1 | . 1 . . Combat Hostiles 1 | . 1 . . Parts Fried 1 | . 1 . . Impact Corruptions . | . . . . Robots Melted . | . . . . Combat Hostiles . | . . . . Parts Melted 5 | . . 2 3 Heat Transferred 2246 | . 50 1184 1012 Parts Sabotaged . | . . . . Parts Stolen . | . . . . Parts Stripped . | . . . . Power Chain Reactions . | . . . . Alert | -11 -10 -9 -8 ------- Run | Yrd Mat Mat Mat Maximum Alert Level 1 | . . 1 . Low Security (%) 82 | 100 100 58 100 Level 1 17 | . . 41 . Level 2 . | . . . . Level 3 . | . . . . Level 4 . | . . . . Level 5 . | . . . . High Security . | . . . . Max Security . | . . . . Peak Influence 230 | . 110 230 112 Initial 81 | . . 18 81 Average 86 | . 49 136 58 Influence Increases 915 | . 226 440 249 Destroy 0b10 Robot/C 540 | . 140 240 160 Destroy 0b10 Robot/NC 35 | . 5 20 10 Destroy Leader 108 | . 32 46 30 Successful Hack 12 | . . 12 . Disable Machine 15 | . . 15 . Destroy Structure 25 | . 4 2 19 Lose Combat Pursuer 180 | . 45 105 30 Influence Decreases 875 | . 182 289 404 Entered New Map 140 | . . 26 114 Time Decay 575 | . 172 253 150 Lost Part 160 | . 10 10 140 Squads Dispatched 4 | . 2 . 2 Investigation 1 | . 1 . . Extermination . | . . . . Reinforcement 1 | . 1 . . Assault . | . . . . Garrison 2 | . . . 2 Intercept . | . . . . Searches Triggered . | . . . . Construction Impeded . | . . . . Haulers Reinforced . | . . . . Active Scanning Responses . | . . . . Cargo Convoy Interrupts . | . . . . Stealth | -11 -10 -9 -8 --------- Run | Yrd Mat Mat Mat Distress Signals 5 | . 1 2 2 Communications Jammed . | . . . . Distress Signals . | . . . . Times Spotted 55 | . 15 22 18 Peak Tracking Total 10 | . 3 10 9 Tactical Retreats 8 | . 2 4 2 Traps | -11 -10 -9 -8 ------- Run | Yrd Mat Mat Mat Traps Triggered 1 | . 1 . . Indirectly . | . . . . Trap Hack Attempts . | . . . . Triggered . | . . . . Disarmed . | . . . . Reprogrammed . | . . . . Reused . | . . . . Traps Extracted . | . . . . Installed . | . . . . Triggered . | . . . . Machines | -11 -10 -9 -8 ---------- Run | Yrd Mat Mat Mat Machines Disabled 1 | . . 1 . Max in Single Turn 1 | . . 1 . Machines Repaired . | . . . . Machines Dismantled . | . . . . Machines Sabotaged . | . . . . Overloaded Fab Kills . | . . . . Hacking | -11 -10 -9 -8 --------- Run | Yrd Mat Mat Mat Machines Accessed 6 | . 2 3 1 Terminals 5 | . 1 3 1 Fabricators . | . . . . Repair Stations . | . . . . Recycling Units 1 | . 1 . . Scanalyzers . | . . . . Garrison Access . | . . . . Total Hacks 15 | . 7 6 2 Successful 8 | . 4 3 1 Failed 7 | . 3 3 1 Catastrophic 1 | . . 1 . Database Lockouts . | . . . . Manual . | . . . . Terminals 10 | . 2 6 2 Fabricators . | . . . . Repair Stations . | . . . . Recycling Units 5 | . 5 . . Scanalyzers . | . . . . Garrison Access . | . . . . Terminal Hacks 5 | . 1 3 1 Record 2 | . . 2 . Emergency Access Points 1 | . . . 1 Locate Traps 1 | . 1 . . Hauler Manifests 1 | . . 1 . Fabricator Hacks . | . . . . Repair Station Hacks . | . . . . Recycling Unit Hacks 3 | . 3 . . Process 1 | . 1 . . Report Inventory 1 | . 1 . . Retrieve Matter 1 | . 1 . . Scanalyzer . | . . . . Garrison Access Hacks . | . . . . Unauthorized Hacks . | . . . . Terminals . | . . . . Fabricators . | . . . . Repair Stations . | . . . . Recycling Units . | . . . . Scanalyzers . | . . . . Garrison Access . | . . . . Data Cores Recovered . | . . . . Used . | . . . . Hacking Detections 5 | . 2 2 1 Full Trace Events 1 | . 1 . . Feedback Events . | . . . . Feedback Blocked . | . . . . Robot Schematics Acquired . | . . . . Robots Built . | . . . . Authchips . | . . . . Time . | . . . . Total Robot Build Rating . | . . . . Part Schematics Acquired . | . . . . Parts Built . | . . . . Authchips . | . . . . Time . | . . . . Total Part Build Rating . | . . . . Parts Repaired . | . . . . Time . | . . . . Parts Recycled . | . . . . Recycled Matter 3 | . 3 . . Retrieved Matter . | . . . . Retrieved Components . | . . . . Parts Scanalyzed . | . . . . Part Schematics Acquired . | . . . . Parts Damaged . | . . . . Bothacking | -11 -10 -9 -8 ------------ Run | Yrd Mat Mat Mat Used RIF Installer . | . . . . Robots Hacked . | . . . . Non-combat . | . . . . Combat . | . . . . Robot Hacks Applied . | . . . . Relay Couplers Released . | . . . . Fabnet Peak Effective % . | . . . . Robots Rewired . | . . . . Allies Hacked . | . . . . Hacks Repelled . | . . . . Allies | -11 -10 -9 -8 -------- Run | Yrd Mat Mat Mat Total Allies . | . . . . Largest Group . | . . . . Highest-Rated Group . | . . . . Highest-Rated Ally . | . . . . Total Orders . | . . . . Ally Attacks . | . . . . Total Damage . | . . . . Kills . | . . . . Allies Corrupted . | . . . . Allies Melted . | . . . . Intel | -11 -10 -9 -8 ------- Run | Yrd Mat Mat Mat Active Infowar (turns) 448 | . . 142 306 Sensors 306 | . . . 306 Structural 142 | . . 142 . Robot Analysis Total . | . . . . Derelict Logs Recovered . | . . . . Drone Launches . | . . . . Drone Recoveries . | . . . . Exploration | -11 -10 -9 -8 ------------- Run | Yrd Mat Mat Mat Turns Passed 1485 | 73 470 632 310 Spaces Moved 818 | 56 336 325 101 Core 16 | 11 . . 5 Treads . | . . . . Legs 273 | 18 . 165 90 Wheels 523 | 27 336 160 . Hover 6 | . . . 6 Flight . | . . . . Fastest Speed 50 | 50 90 90 190 Average Speed 125 | 91 90 144 198 Slowest Speed 300 | 120 90 190 300 Overloaded Moves . | . . . . Propulsion Burnouts . | . . . . Robots Hopped . | . . . . Potential Cave-ins . | . . . . Cave-ins Triggered . | . . . . Exploration Rate (%) 22 | 4 50 22 13 Regions Visited 3 Branch Regions . Pre-discovered Areas . | . . . . Known Exits Taken 1 | . . 1 . Unknown Exits Taken 2 | 1 1 . . Scrap Searched . | . . . . Spaces Dug 5 | . 4 1 . Terrain Destroyed 28 | . 4 1 23 Melee . | . . . . Projectile 5 | . 4 1 . AOE 23 | . . . 23 Terrain Rammed . | . . . . Walls Destroyed . | . . . . Machines Disabled . | . . . . Actions | -11 -10 -9 -8 --------- Run | Yrd Mat Mat Mat Total 1079 | 75 445 409 150 Wait 62 | . 57 5 . Move 815 | 55 335 324 101 Hop . | . . . . Pick Up 36 | 11 10 10 5 Fast Attach 3 | 1 . 1 1 Attach 23 | 5 4 4 10 Detach 1 | . . . 1 Swap 22 | 3 5 12 2 Drop 15 | . 6 8 1 Fire 97 | . 28 43 26 Melee . | . . . . Ram . | . . . . Kick 5 | . . 2 3 Crush . | . . . . Escape Stasis . | . . . . Rewire . | . . . . Trap . | . . . . Miscellaneous . | . . . . Route ------- -11/Scrapyard -10/Materials (discovered 2 exits: *Mat / [*Min]) -9/Materials -8/Materials History --------- Turn | Location | Event 3 | -11/Scrapyard | Discovered new exit (range 16) 74 | -11/Scrapyard | Entered Materials 279 | -10/Materials | Discovered new exit (range 12) 309 | -10/Materials | Build established: Mutant 417 | -10/Materials | Discovered new exit (range 3) 544 | -10/Materials | Entered another Materials area 544 | -9/Materials | Evolved 2 slots: Propulsion x1, Utility x1 835 | -9/Materials | Destroyed 9 combat bots 863 | -9/Materials | Discovered new exit (range 14) 1094 | -9/Materials | Identified exit to Materials 1176 | -9/Materials | Entered another Materials area 1176 | -8/Materials | Evolved 2 slots: Utility x1, Weapon x1 1314 | -8/Materials | Garrison activated, responded to threat 1470 | -8/Materials | Core integrity fell below 50% 1486 | -8/Materials | Self-destructed Last Messages --------------- 01449_ R-06 Scavenger collects Lgt. Nuclear Core. 01450_ M-13 Machinist sends out distress signal. 01451_ K-01 Serf collects debris. 01453_ R-06 Scavenger collects Aluminum Leg. 01457_ Lgt. Ion Engine destroyed. 01460_ Aluminum Leg destroyed. 01462_ Hvy. Assault Rifle destroyed. 01472_ Mining Laser destroyed. 01478_ Acquired Missile Launcher. 01480_ Destroyed Flight Unit. 01480_ S-10 Pest destroyed. 01480_ Destroyed Imp. Heat Sink. 01481_ The unstable cave ceiling collapses. 01483_ Sensor Array destroyed. 01483_ U-05 Engineer destroyed. 01483_ G-47 Trooper destroyed. 01484_ Missile Launcher destroyed. 01484_ Critical hit (Burn: +37). 01484_ Adv. Beam Cannon destroyed. 01485_ The unstable cave ceiling collapses. Map ----- +----------------------------------------------------+ | ?????????????????????????????????????????????????? | | ?????????????????????????????????????????????????? | | ?????????????????????????????????????????????????? | | ?????????????????????????????????????????????????? | | ?????????????????????????????????????????????????? | | ?????????????????????????????????????????????????? | | ?????????????????????????????????????????????????? | | ?????????????????????????????????????????????????? | | ?????????????????????????????????????????????????? | | ?????????????????????????????????????????????????? | | ?????????????????????????????????????????????????? | | ?????????????????????????????????????????????????? | | ?????????????????????######??????????????????????? | | ?????????????????????# ??????????????????????? | | ?????????????????????# ??????????????????????? | | ?????????????????????# " ??????????????????????? | | ?????????????????????? ??????????????????????? | | ?????????????????????? ??????????????????????? | | ??????????????????????# Ys#??????????????????????? | | ??????????????????????# #??????????????????????? | | ??????????????????????# #??????????????????????? | | ??????????????????????# #??????????????????????? | | ??????????????????????# #??????????????????????? | | ??????????????????????# #?????????????????"????? | | ?????????????????????## ##?????????????? """ ?? | | ?????????????????????# @ #??????????????^ ?? | | ?????????????????????# #?????????? ] ? | | ?????????????????????+ * # #??######## ? | | ?????????????????????# [gYg #### | | ?????????????????????# r% =% | | ?????????????????????## ####% #????? | | ??????????????????????## #### #????? | | ?????????????????????? # #????? | | ?????????????????????#! """ #% #????? | | ??????????????????????? """ G" + #????? | | ??????????????????????? """ """ # #????? | | ?????????????????????? """ # #### #????? | | ?????????????????????? # %%#???? #????? | | ??????????????????????#############/#####?? #????? | | ??????????????????????????????# =% #???#????? | | ??????????????????????????????# """ """ #????????? | | ??????????????????????????????# """ """ #????????? | | ??????????????????????????????# """ """ #????????? | | ??????????????????????????????# #????????? | | ??????????????????????????????# ! // # ????? | | ??????????????????????????????# / # ????? | | ??????????????????????????????# = # #????? | | ??????????????????????????????######/#### #????? | | ???????????????????????????????????# #??? #????? | | ????????????????????????????????####+###? #?##?? | +----------------------------------------------------+ Best States ------------- Heat Dissipation 31 Energy Generation 12 Energy Capacity 265 Matter Stores 316 Matter Capacity 400 Sight Range 16 Robot Scan Range 14 Terrain Scan Density 10 Evasion (%) 50 Targeting Accuracy 8 Item Schematics ----------------- None Robot Schematics ------------------ None Fabricated ------------ Nothing Repaired ---------- Nothing Alien Tech Used ----------------- None Achievements -------------- None Challenges ------------ None Game ------ Seed ProjectileReactionRail Manual? 0 Play Time 00:32:40 Cumulative 14.5 hours Start 2025.06.01 @ 23:00:20 End 2025.06.01 @ 23:34:23 Sessions 1 Manual Loads 0 Difficulty Rogue Special Mode None Game No. 12 Rogue 12 Adventurer 0 Explorer 0 Win Type - Total 0 Types 0/0/0/0/0/0/0/0/0/0 Lore% 6 Gallery% 17 Achievement% 15 Wizard Run 0 Options --------- Layout 0 ASCII 0 Keyboard 0 Movement Mouse Keybinds 0 Fullscreen 2 Font 18/Smallcaps Map View 76x50 Zoom Use 0% Tactical HUD 1 Map Filters NONE Filters NONE Steam 1 RUN: f4dd8d25-a3ca-4972-962e-d77d46f4d8f2